 Dungeon Crawl Stone Soup version 0.25-a0-544-gee0576305d (webtiles) character file.

Game seed: 7868854431124851021, levelgen mode: classic

4993 EnegeticOcto the Cleaver (level 10, -6/94 HPs)
             Began as a Deep Dwarf Fighter on Feb 20, 2020.
             Was a Believer of Makhleb.
             Mangled by Erica
             ... wielding a +4 scimitar of flaming
              (7 damage)
             ... on level 8 of the Dungeon.
             The game lasted 00:04:03 (4591 turns).

EnegeticOcto the Cleaver (Deep Dwarf Fighter)       Turns: 4591, Time: 00:04:04

Health: -6/94      AC: 12    Str: 22    XL:     10   Next: 29%
Magic:  6/6        EV: 12    Int: 10    God:    Makhleb [**....]
Gold:   713        SH: 11    Dex: 12    Spells: 9/9 levels left

rFire    . . .     SeeInvis .   a - +0 war axe
rCold    . . .     Gourm    .   c - +0 kite shield
rNeg     . . .     Faith    .   i - +0 chain mail
rPois    .         Spirit   .   (no helmet)
rElec    .         Reflect  .   (no cloak)
rCorr    .         Harm     .   r - +1 pair of gloves
MR       +....                  (no boots)
Stlth    ..........             (no amulet)
HPRegen  0.00/turn              w - +3 ring of evasion
MPRegen  0.10/turn              (no ring)

@: non-regenerating, lightly drained
A: damage resistance, heal wounds, sense surroundings 2, no regeneration
a: Heal Wounds, Minor Destruction, Renounce Religion


You were on level 8 of the Dungeon.
You worshipped Makhleb.
Makhleb was pleased with you.
You were not hungry.

You visited 2 branches of the dungeon, and saw 9 of its levels.
You also visited: Ossuary.

You collected 755 gold pieces.
You spent 42 gold pieces at shops.

Inventory:

Hand Weapons
 a - a +0 war axe (weapon)
Missiles
 s - a throwing net (quivered)
Armour
 c - a +0 kite shield (worn)
 i - a +0 chain mail (worn)
 r - a +1 pair of gloves (worn)
Jewellery
 w - a +3 ring of evasion (left hand)
Wands
 t - a wand of disintegration (7)
Scrolls
 b - 5 scrolls of remove curse {@r6}
 l - 2 scrolls of enchant armour
 v - 2 scrolls of magic mapping {@r5}
 x - 2 scrolls of teleportation {@r2}
Potions
 d - a potion of degeneration {unknown}
 f - a potion of heal wounds {unknown}
 g - a potion of cancellation
 h - 6 potions of curing {@q1}
 j - a potion of stabbing {@q5}
 k - 2 potions of might {@q3}
 n - a potion of haste {@q4}
 o - a potion of berserk rage
 p - 2 potions of lignification {@q7}
 q - a potion of invisibility
Comestibles
 e - 10 rations
 m - 24 chunks of flesh


   Skills:
 * Level 7.6 Fighting
 * Level 8.6(8.5) Axes
 + Level 6.8 Armour
 + Level 5.5 Dodging
 + Level 6.7 Shields
 * Level 7.0 Invocations


You had 9 spell levels left.
You didn't know any spells.
Your spell library was empty.

Dungeon Overview and Level Annotations

Branches:
Dungeon (8/15)             Temple (1/1) D:6         Ossuary (visited)
   Lair: D:8-11

Altars:
Ashenzari
Cheibriados
Dithmenos
Elyvilon
Fedhas
Gozag
Hepliaklqana
Kikubaaqudgha
Makhleb
Nemelex Xobeh
Okawaru
Qazlal
Trog
Uskayaw
Wu Jian
Xom
Yredelemnul
Zin
The Shining One

Shops:
D:7 ?

Annotations:
D:8 Erica, Gastronok


Innate Abilities, Weirdness & Mutations

You are resistant to damage.
You can heal yourself by infusing magical energy.
You passively map the area around you.
You do not regenerate.


Message History

Gastronok bites you but does no damage. The hound bites you but does no damage.
Eat one of 27 chunks of flesh? (ye/n/q)
You eat one of the 13 rations.
That ration really hit the spot!
The gnoll shouts!
You block the gnoll's attack. The hound bites you but does no damage.
You block the hungry ghost's attack. The gnoll hits you but does no damage.
The gnoll barely misses you.
You eat one of the 12 rations.
That ration really hit the spot!
You block the hound's attack. Something hits you. Something burns you.
You block the gnoll's attack. You block the hungry ghost's attack.
The gnoll hits you but does no damage. x2; The hound barely misses you.
Gastronok's eyestalks quiver as he mumbles some strange words.
Gastronok puts on a burst of speed!
Some of the chunks of flesh in your inventory have rotted away.
You eat one of the 11 rations.
That ration really hit the spot!
You block the gnoll's attack. You block the hound's attack. Something hits you!
Something burns you. You block the hungry ghost's attack.
The gnoll hits you from afar with a +0 spear.
The gnoll closely misses you.
You feel much better. The hound bites you. You block the gnoll's attack.
Something hits you! Something burns you. The hungry ghost barely misses you.
An ogre comes into view. It is wielding a +0 giant club.
The gnoll barely misses you. The gnoll completely misses you.
The hound bites you but does no damage. Gastronok misses you.
The ogre shouts!
You hit the gnoll but do no damage.
The gnoll is heavily wounded.
You hit Gastronok. You barely miss the hound.
You closely miss the hungry ghost. You barely miss something.
You hit the gnoll but do no damage. The gnoll closely misses you.
The hound bites you but does no damage. You block the hungry ghost's attack.
The gnoll closely misses you. x2; Something hits you!
Something burns you. The gnoll hits you. You block the hound's attack.
You slice the gnoll!!
You kill the gnoll!
Makhleb accepts your kill.
You hit Gastronok.
Your shield prevents you from hitting the hound.
You barely miss the hungry ghost. You hit something.
Your shield and chain mail prevent you from hitting the gnoll.
The hungry ghost hits you. You block the gnoll's attack.
The hound closely misses you. You block Gastronok's attack. Something hits you.
Something burns you. The gnoll hits you.
You slash the hungry ghost!
The hungry ghost is severely damaged.
You closely miss the hound. You slash Gastronok! You hit the gnoll.
You miss something. The hound closely misses you. The hungry ghost hits you.
You block the gnoll's attack.
You hear some strange, mumbled words.
You are confused.
The hound misses you. The gnoll hits you. Gastronok barely misses you.
You are too confused!
You are too confused!
You are too confused!
You are too confused!
You are too confused!
You are too confused!
You are too confused!
You are too confused!
You are too confused!
You are too confused!
You're too confused!
You're too confused!
You miss the gnoll.
The gnoll is moderately wounded.
You hit Gastronok but do no damage. You hit the hound.
You completely miss the hungry ghost. You miss something.
The hungry ghost closely misses you.
The gnoll hits you from afar with a +0 spear.
The hound bites you. The gnoll hits you but does no damage.
You hear some strange, mumbled words.
A lance of force appears from out of thin air!
The lance of force hits you!
You are knocked back by the lance of force.
You slam into the rock wall!
Gastronok gurgles, "I'll eat you, I will!"
Okay, then.
You bump into the rock wall.
The hound bites you but does no damage. The gnoll closely misses you.
The hound barely misses you. Gastronok bites you.
You're too confused!
You're too confused!
You're too confused to move!
You feel less confused. You block the gnoll's attack.
The gnoll completely misses you.
You fail to use your ability.
The gnoll barely misses you. You block the gnoll's attack.
Gastronok gurgles, "A snack!
A snack!"
Gastronok bites you!!
* * * LOW HITPOINT WARNING * * *
Something hits you!
* * * LOW HITPOINT WARNING * * *
Something burns you.
* * * LOW HITPOINT WARNING * * *
You block the gnoll's attack.
You fail to use your ability.
You block the gnoll's attack. The gnoll hits you.
The ogre hits you with a +0 giant club!
* * * LOW HITPOINT WARNING * * *
The gnoll closely misses you. Something hits you!
You die...

##...#..#,,###* * #......
....# , * #..!.# *#....#
##...## .....
###.....###..# .##
#........##.# ,$.. * ##
#...........### ....
#.##.......#.....##.....**
...#.......#...O@g#.....,*
...............gw.W......*
...###.....###..gh.......
....#####..##..)......#..
.....# #..####.))[....#,,
>.##.# #..# #.......... ,
..#..# ##, #?...........,
.....###..##.##..........,,
* ,
#............,.......... *
*


You could see Gastronok, a hungry ghost, an ogre, a hound and 3 gnolls.

Vanquished Creatures
  A two-headed ogre (D:8)
  A troll (D:8)
  A hornet (D:7)
  2 hippogriffs
  A shadow (D:8)
  3 ice beasts
  2 sky beasts
  2 phantoms
  6 ogres
  A centaur (D:8)
  A big kobold (D:7)
  An elf zombie (Ossuary)
  3 bullfrogs
  A gnoll sergeant (D:8)
  A wyvern zombie (D:5)
  2 scorpions
  9 wights
  2 crimson imps (D:5)
  A bullfrog zombie (D:5)
  A centaur zombie (D:7)
  A jelly (D:8)
  2 orc priests
  2 gnoll shamans
  6 hounds
  7 orc wizards
  A bullfrog skeleton (D:6)
  3 iguanas
  A worker ant (D:7)
  3 big kobold zombies (Ossuary)
  3 mummies
  A worker ant zombie (D:6)
  7 adders
  21 gnolls
  3 oozes
  5 worms
  A dart slug (D:1)
  4 leopard geckos
  25 orcs
  3 giant cockroaches
  4 gnoll zombies (Ossuary)
  4 hobgoblins
  6 jackals
  9 kobolds
  A quokka (D:7)
  A ball python (D:3)
  3 bats
  4 frilled lizards
  11 goblins
  A goblin zombie (Ossuary)
  3 hobgoblin zombies (Ossuary)
  A jackal skeleton (D:7)
  2 orc zombies (Ossuary)
  6 rats
197 creatures vanquished.

Notes
Turn   | Place    | Note
-------+----------+-------------------------------------------
     0 | D:1      | EnegeticOcto the Deep Dwarf Fighter began the quest for the
                  | Orb.
     0 | D:1      | Reached XP level 1. HP: 20/20 MP: 1/1
    79 | D:1      | Reached XP level 2. HP: 14/27 MP: 2/2
   312 | D:1      | Reached XP level 3. HP: 26/34 MP: 2/2
   440 | D:2      | Found a hazy altar of Hepliaklqana.
   471 | D:2      | Found a bloodstained altar of Trog.
   613 | D:3      | Reached skill level 1 in Dodging
   637 | D:3      | Reached skill level 3 in Axes
   637 | D:3      | Reached XP level 4. HP: 32/42 MP: 3/3
   717 | D:3      | Found a white marble altar of Elyvilon.
   953 | D:4      | Reached XP level 5. HP: 45/49 MP: 4/4
  1100 | D:4      | Reached skill level 4 in Axes
  1119 | D:4      | Found a stormy altar of Qazlal.
  1126 | D:4      | Noticed a phantom
  1138 | D:4      | Reached XP level 6. HP: 54/57 MP: 5/5
  1427 | D:4      | Noticed a hippogriff
  1433 | D:4      | Killed a hippogriff
  1433 | D:4      | Reached XP level 7. HP: 33/66 MP: 6/6
  1616 | D:5      | Entered Level 5 of the Dungeon
  1650 | D:5      | Reached skill level 5 in Axes
  1678 | D:5      | Found a sand-covered staircase.
  1686 | Ossuary  | Entered an ossuary
  1723 | Ossuary  | Reached skill level 5 in Fighting
  1884 | D:5      | Found a bloodstained altar of Trog.
  1896 | D:5      | Reached skill level 5 in Armour
  1926 | D:6      | Reached skill level 5 in Shields
  1939 | D:6      | Reached XP level 8. HP: 55/74 MP: 5/5
  1963 | D:6      | Found a staircase to the Ecumenical Temple.
  1973 | D:6      | Reached skill level 6 in Axes
  1981 | Temple   | Entered the Ecumenical Temple
  2178 | Temple   | Became a worshipper of Makhleb the Destroyer
  2378 | D:5      | Reached skill level 1 in Invocations
  3176 | D:7      | Noticed a hippogriff
  3187 | D:7      | Killed a hippogriff
  3339 | D:7      | Gained mutation: You passively map the area around you.
                  | [Deep Dwarf growth]
  3339 | D:7      | Reached XP level 9. HP: 63/82 MP: 7/7
  3396 | D:7      | Reached * piety under Makhleb
  3403 | D:7      | Found Sokared's Magic Scroll Emporium.
  3411 | D:7      | Bought a scroll of magic mapping for 42 gold pieces
  3540 | D:7      | Reached skill level 7 in Axes
  4287 | D:8      | Reached skill level 5 in Invocations
  4312 | D:8      | Noticed a two-headed ogre
  4393 | D:8      | Killed a two-headed ogre
  4393 | D:8      | Reached skill level 8 in Axes
  4393 | D:8      | Reached skill level 5 in Dodging
  4397 | D:8      | Reached ** piety under Makhleb
  4400 | D:8      | Reached XP level 10. HP: 67/94 MP: 8/8
  4551 | D:8      | Noticed Gastronok
  4569 | D:8      | Noticed Erica
  4591 | D:8      | HP: 1/94 [ogre/+0 giant club (5)]
  4591 | D:8      | Mangled by Erica

Levels and vault maps discovered:
D:1:      dpeg_arrival_rooms_with_view, layout_basic, hangedman_decor_push
D:2:      layout_loops_corners, nicolae_overflow_crystal_walls,
          lightli_temple_of_fire, grunt_ministairs_5
D:3:      kennysheep_six_static_rooms, layout_basic, elyvilon_altar_4,
          lemuel_round_altar, st_stairs_8, kennysheep_generic_room_9
D:4:      layout_cave_pools, nicolae_qazlal_eye_of_the_storm, first_ration,
          kennysheep_generic_room_7
D:5:      layout_rooms, gup_ossuary_entry_pyramid, trog_butcher_becter
D:6:      layout_loops_ring, minmay_temple_entry_waves
D:7:      layout_loops_corners, serial_shops, shop
D:8:      layout_cave_pools, nicolae_ru_the_path_less_chosen, basic_altar,
          serial_gnoll_camp, gnoll_camp_mini_doghouse, gnoll_camp_mini_shop,
          gnoll_camp_huts_basic, gnoll_camp_mini_doghouse, uniq_gastronok,
          uniq_erica
Temple:   regret_index_temple_generic_petals

Skill      XL: |  1  2  3  4  5  6  7  8  9 10 |
---------------+-------------------------------+-----
Fighting       | 3 4 5 6 7 |  7.6
Dodging        | 1 2 3 4 5 |  5.5
Axes           | 3 4 5 6 8 |  8.6
Armour         | 4 5 6 |  6.8
Shields        | 4 5 6 |  6.7
Invocations    | 3 6 7 |  7.0

Action                   |  1- 3 |  4- 6 |  7- 9 | 10-12 || total
-------------------------+-------+-------+-------+-------++-------
Melee: War axe           |   108 |   191 |   420 |    76 ||   795
 Abil: Heal Wounds       |     1 |     6 |    19 |     7 ||    33
  Use: Scroll            |       |       |    16 |       ||    16
  Eat: Chunk             |       |     3 |     6 |     2 ||    11
       Ration            |       |       |     1 |     3 ||     4
Armor: Scale mail        |    34 |       |       |       ||    34
       Chain mail        |    18 |   117 |   245 |    83 ||   463
Dodge: Dodged            |    38 |    60 |   236 |   107 ||   441
Block: Kite shield       |    62 |   126 |   317 |   129 ||   634

Table legend:
 A = Non-vault XP
 B = Vault XP
 C = Vault XP percentage of total XP
 D = Non-vault monster count
 E = Vault monster count
 F = Vault count percentage of total count
                 A         B        C        D         E       F
            +---------+---------+-------+---------+---------+-------
      Total |    6338 |     796 |  11.2 |     151 |      46 |  23.4
            +---------+---------+-------+---------+---------+-------
        D:1 |      39 |       4 |   9.3 |      21 |       2 |   8.7
        D:2 |       9 |       0 |   0.0 |       5 |       0 |   0.0
        D:3 |     108 |      16 |  12.9 |      23 |       2 |   8.0
        D:4 |     667 |       3 |   0.4 |      23 |       1 |   4.2
        D:5 |     355 |      26 |   6.8 |       9 |       5 |  35.7
        D:6 |     731 |       0 |   0.0 |      19 |       0 |   0.0
        D:7 |    1667 |       0 |   0.0 |      28 |       0 |   0.0
        D:8 |    2762 |     518 |  15.8 |      23 |      20 |  46.5
    Ossuary |       0 |     229 | 100.0 |       0 |      16 | 100.0
            +---------+---------+-------+---------+---------+-------
